[Event "Titled Tuesday Blitz May 23 Early 2023"]
[White "Iskusnyh, Sergei"]
[Black "Jakubowska, Anna"]
[WhiteFideId "4120027"]
[BlackFideId "1121952"]
[WhiteElo "2492"]
[BlackElo "2001"]
[Result "1-0"]
[Round "08"]
[TimeControl "180+2"]
[Date "2023.05.23"]
[WhiteClock "0:00:36"]
[BlackClock "0:00:00"]

1. d4 d5 2. c4 c6 3. Nf3 Nf6 4. e3 e6 5. Bd3 dxc4 6. Bxc4 Bd6 7. O-O O-O 8. Bd3 Nbd7 9. e4 e5 10. Nbd2 Qe7 11. dxe5 Nxe5 12. Nxe5 Bxe5 13. Qc2 Be6 14. Nf3 Bc7 15. Bg5 h6 16. Bh4 Bg4 17. e5 Bxe5 18. Nxe5 Qxe5 19. Rfe1 Qh5 20. Bxf6 gxf6 21. Re3 Kh8 22. Qc3 Qg5 23. h3 Bh5 24. Rae1 Rad8 25. Rg3 Qf4 26. Re4 Qf5 27. Rh4 Rxd3 28. Qxd3 Qxd3 29. Rxd3 Bg6 30. Rd7 Re8 31. Rxb7 Re1+ 32. Kh2 Re2 33. Rf4 Kg7 34. g4 Rc2 35. Kg3 h5 36. gxh5 Bxh5 37. Ra4 f5 38. Rf4 1-0


[Site "https://www.chess.com"]

[Event "Titled Tuesday Blitz May 23 Early 2023"]
[White "Fernandez Siles, Luis"]
[Black "Kiremitciyan, Ari"]
[WhiteFideId "2209420"]
[BlackFideId "6373445"]
[WhiteElo "2195"]
[BlackElo "2181"]
[Result "0-1"]
[Round "08"]
[TimeControl "180+2"]
[Date "2023.05.23"]
[WhiteClock "0:00:12"]
[BlackClock "0:00:46"]

1. d4 Nf6 2. c4 e6 3. Nf3 d5 4. Nc3 Be7 5. e3 O-O 6. Bd3 dxc4 7. Bxc4 a6 8. a4 b6 9. O-O Bb7 10. Qe2 c5 11. Rd1 Qc7 12. d5 exd5 13. Nxd5 Nxd5 14. Bxd5 Bxd5 15. Rxd5 Nc6 16. e4 Nb4 17. Rd1 c4 18. Bd2 Nd3 19. Bc3 Rad8 20. Nd4 Bc5 21. Nf5 Nxf2 22. Bd4 Nxd1 23. Rxd1 Qe5 24. Qh5 Rxd4 25. Nh6+ gxh6 26. Qxe5 Rxd1# 0-1


[Site "https://www.chess.com"]

[Event "Titled Tuesday Blitz May 23 Early 2023"]
[White "Bodnaruk, Anastasia"]
[Black "Novikova, Galina"]
[WhiteFideId "4181751"]
[BlackFideId "4157095"]
[WhiteElo "2304"]
[BlackElo "1953"]
[Result "1-0"]
[Round "08"]
[TimeControl "180+2"]
[Date "2023.05.23"]
[WhiteClock "0:00:49"]
[BlackClock "0:00:00"]

1. e4 e6 2. d4 d5 3. e5 c5 4. c3 Nc6 5. Nf3 Bd7 6. Be2 f6 7. O-O Qc7 8. Re1 O-O-O 9. Bf4 h6 10. Bg3 f5 11. h4 g5 12. hxg5 hxg5 13. Nxg5 Nh6 14. Na3 a6 15. c4 Be7 16. Nh3 Nxd4 17. cxd5 Bf8 18. d6 Qc6 19. Rc1 Kb8 20. b4 Nxe2+ 21. Qxe2 Qa4 22. Nc4 cxb4 23. Nb6 Qb5 24. Nxd7+ Qxd7 25. Rc7 Qb5 26. Qxb5 axb5 27. Ng5 Rc8 28. Rec1 Rxc7 29. Rxc7 Ng4 30. Nxe6 Bh6 31. d7 f4 32. Bh4 Nxe5 33. Bf6 Rg8 34. Bxe5 1-0


[Site "https://www.chess.com"]

[Event "Titled Tuesday Blitz May 23 Early 2023"]
[White "Kohler, Aran"]
[Black "hakanazeri2"]
[WhiteFideId "1002856"]
[WhiteElo "2397"]
[BlackElo "2567"]
[Result "0-1"]
[Round "08"]
[TimeControl "180+2"]
[Date "2023.05.23"]
[WhiteClock "0:00:45"]
[BlackClock "0:00:38"]

1. d4 Nf6 2. c3 d5 3. Bg5 c6 4. Nd2 Bf5 5. e3 e6 6. f4 h6 7. Bxf6 Qxf6 8. Ngf3 Nd7 9. Ne5 Nxe5 10. fxe5 Qg5 11. Qf3 f6 12. exf6 gxf6 13. Be2 Bd6 14. Qh5+ Ke7 15. Qf3 Rag8 16. g3 h5 17. O-O-O h4 18. gxh4 Rxh4 19. h3 Rgh8 20. Rdg1 Rxh3 21. Rxg5 Rxh1+ 22. Nf1 fxg5 23. Qg2 g4 24. Kd2 R8h2 25. Nxh2 Rxh2 26. Qg1 g3 27. Ke1 Be4 28. b4 Rh1 29. Kf1 g2+ 30. Kf2 Bg3+ 0-1


[Site "https://www.chess.com"]

[Event "Titled Tuesday Blitz May 23 Early 2023"]
[White "Kim, Sergey"]
[Black "Kabilov, Amin"]
[WhiteFideId "13700570"]
[BlackFideId "14700859"]
[WhiteElo "2560"]
[BlackElo "2110"]
[Result "0-1"]
[Round "08"]
[TimeControl "180+2"]
[Date "2023.05.23"]
[WhiteClock "0:00:12"]
[BlackClock "0:00:07"]

1. d4 Nf6 2. c4 c5 3. d5 e6 4. Nc3 exd5 5. cxd5 d6 6. e4 g6 7. Nge2 Bg7 8. Ng3 O-O 9. Be2 a6 10. a4 h5 11. Bg5 Qb6 12. Qd2 Nh7 13. Bh4 Nd7 14. O-O Ne5 15. a5 Qc7 16. f4 Ng4 17. e5 dxe5 18. d6 Qd7 19. f5 Bh6 20. Qd3 c4 21. Qxc4 Ne3 22. Qe4 Qxd6 23. fxg6 fxg6 24. Rxf8+ Nxf8 25. Nf1 Bf5 26. Qa4 Qd4 27. Bf2 Qxa4 28. Nxa4 Nc2 29. Rd1 Nd4 30. Bd3 Bxd3 31. Rxd3 Rd8 32. Kh1 Nfe6 33. Nb6 Nf4 34. Rd1 Bg7 35. Ne3 Nfe2 36. Bh4 Rd6 37. Nec4 Rc6 38. h3 Nf4 39. Bg3 Nfe2 40. Kh2 Nxg3 41. Kxg3 Rc5 42. b4 Rb5 43. Nd6 Rxb4 44. Re1 Rb3+ 45. Kh2 Bf8 46. Ne4 Bg7 47. Nd5 Nf5 48. g4 hxg4 49. hxg4 Rb2+ 50. Kg1 Nd4 51. Ne7+ Kf7 52. Nd5 Nf3+ 53. Kf1 Nxe1 54. Kxe1 Ke6 55. Nb6 Rb4 56. Nc5+ Kd6 57. Nxb7+ Kc6 58. Nd8+ Kb5 59. Ne6 Bf6 60. Nd5 Kxa5 61. Nxf6 Rb6 62. g5 Rxe6 63. Ke2 Kb5 64. Ke3 Kc6 65. Ke4 Rxf6 66. gxf6 Kd6 67. f7 Ke7 68. Kxe5 Kxf7 0-1


[Site "https://www.chess.com"]

[Event "Titled Tuesday Blitz May 23 Early 2023"]
[White "Davidson, Kevin"]
[Black "surrenderPLS"]
[WhiteFideId "2056810"]
[WhiteElo "2151"]
[BlackElo "2537"]
[Result "0-1"]
[Round "08"]
[TimeControl "180+2"]
[Date "2023.05.23"]
[WhiteClock "0:00:34"]
[BlackClock "0:01:33"]

1. e4 c5 2. Nf3 d6 3. d4 cxd4 4. Nxd4 Nf6 5. Nc3 e5 6. Bb5+ Nbd7 7. Nde2 a6 8. Bxd7+ Bxd7 9. Bg5 Bc6 10. Bxf6 Qxf6 11. Nd5 Qd8 12. Nec3 g6 13. O-O Bh6 14. Qd3 O-O 15. Rad1 b5 16. Nb4 Bb7 17. Qxd6 Qxd6 18. Rxd6 Rfd8 19. Rfd1 Rxd6 20. Rxd6 Bf8 21. Rd7 Bxb4 22. Rxb7 Bxc3 23. bxc3 Rc8 24. Rb6 Rxc3 25. Rxa6 Rxc2 26. f3 Kg7 27. Rb6 Rxa2 28. Rxb5 f6 29. Rb6 g5 30. g4 Kg6 31. Rc6 Ra8 32. Kg2 Rh8 33. h4 gxh4 34. Kh3 h5 35. Kxh4 hxg4+ 36. Kxg4 Rh1 37. Rb6 Rg1+ 38. Kh4 Rf1 39. Kg4 Rg1+ 40. Kh4 Rg2 41. Ra6 Rb2 42. Kg4 Rb4 43. Rc6 Rb3 44. Ra6 Kf7 45. Rc6 Kg6 46. Ra6 Rb8 47. Rc6 Rg8 48. Ra6 Kf7+ 49. Kh4 Rg6 50. Rb6 Ke7 51. Ra6 Kd7 52. Rb6 Rh6+ 53. Kg4 f5+ 54. Kxf5 Rxb6 55. Kxe5 Ke7 56. Kf5 Rb5+ 57. e5 Rb6 58. f4 Kf7 59. Ke4 Rb4+ 60. Kf5 Rc4 61. e6+ Ke7 62. Ke5 Rc5+ 0-1


[Site "https://www.chess.com"]

[Event "Titled Tuesday Blitz May 23 Early 2023"]
[White "Gutkin, Ilya"]
[Black "cristianserban1"]
[WhiteFideId "16203470"]
[WhiteElo "2265"]
[BlackElo "2521"]
[Result "1-0"]
[Round "08"]
[TimeControl "180+2"]
[Date "2023.05.23"]
[WhiteClock "0:00:45"]
[BlackClock "0:00:00"]

1. Nf3 b5 2. e4 Bb7 3. Bxb5 Bxe4 4. O-O e6 5. Nc3 Bb7 6. d4 a6 7. Ba4 Nf6 8. Bg5 Be7 9. Re1 O-O 10. Qd3 d5 11. Ne5 h6 12. Bh4 Nfd7 13. Bxe7 Qxe7 14. Nxd7 Nxd7 15. Bxd7 Qxd7 16. b3 Bc6 17. Qe3 Qd6 18. Ne2 a5 19. Nf4 a4 20. Nd3 axb3 21. axb3 Rxa1 22. Rxa1 Ra8 23. Rxa8+ Bxa8 24. Qe5 Bc6 25. Qxd6 cxd6 26. f4 Kf8 27. Kf2 Ke7 28. Ke3 Bb5 29. Nb4 Kd7 30. g4 g5 31. fxg5 hxg5 32. Kf3 Ke7 33. Kg3 Kf6 34. h4 gxh4+ 35. Kxh4 Kg6 36. Kg3 Kg5 37. Kf3 Bd7 38. Nd3 f6 39. Nf2 e5 40. Kg3 f5 41. gxf5 Kxf5 42. Kf3 exd4 43. Nd3 Bb5 44. Ke2 Ke4 45. Kd2 1-0


[Site "https://www.chess.com"]

[Event "Titled Tuesday Blitz May 23 Early 2023"]
[White "Smith, Shreyas"]
[Black "Hajiyev, Kanan"]
[WhiteFideId "7400713"]
[BlackFideId "13404148"]
[WhiteElo "2151"]
[BlackElo "2103"]
[Result "0-1"]
[Round "08"]
[TimeControl "180+2"]
[Date "2023.05.23"]
[WhiteClock "0:00:00"]
[BlackClock "0:00:18"]

1. e4 e5 2. Nf3 Nc6 3. Bb5 a6 4. Ba4 Bc5 5. d3 b5 6. Bb3 Nf6 7. Bg5 h6 8. Bh4 d6 9. a4 b4 10. a5 Be6 11. Nbd2 O-O 12. c3 Rb8 13. Bc4 Bxc4 14. Nxc4 Rb5 15. O-O Qe7 16. d4 Ba7 17. d5 Nb8 18. Ne3 g6 19. Ng4 Nbd7 20. Nxh6+ Kg7 21. Ng4 Rh8 22. Bg5 Rh5 23. h4 Qf8 24. c4 Rb8 25. Nxf6 Nxf6 26. Qe2 Nd7 27. Nh2 Bd4 28. Ng4 Rxg5 29. hxg5 Qh8 30. Qf3 Qh4 31. Nf6 Rh8 32. Qh3 Qxg5 33. Qxd7 Qxf6 34. g3 Qf3 0-1


[Site "https://www.chess.com"]

[Event "Titled Tuesday Blitz May 23 Early 2023"]
[White "zsizsi99"]
[Black "Hamley, Ryan"]
[BlackFideId "30959497"]
[WhiteElo "2362"]
[BlackElo "2499"]
[Result "1-0"]
[Round "08"]
[TimeControl "180+2"]
[Date "2023.05.23"]
[WhiteClock "0:00:23"]
[BlackClock "0:00:19"]

1. e4 d6 2. d4 Nf6 3. Nc3 c6 4. Bg5 Nbd7 5. Qd2 e5 6. Nf3 Be7 7. O-O-O Qc7 8. Rg1 O-O 9. g4 b5 10. Bxf6 Nxf6 11. g5 Nh5 12. h4 a5 13. Ne2 Be6 14. Kb1 Rfd8 15. Ng3 Nf4 16. Ne2 Nxe2 17. Bxe2 d5 18. exd5 Bxd5 19. Nxe5 c5 20. Bxb5 cxd4 21. Nd3 a4 22. Nf4 Rab8 23. Nxd5 Rxd5 24. Bxa4 Bb4 25. Qd3 Qf4 26. Bb3 Rd6 27. Qg3 Qxg3 28. Rxg3 Re8 29. Rf3 Rd7 30. c3 Bc5 31. cxd4 Red8 32. dxc5 Rxd1+ 33. Bxd1 Rxd1+ 34. Kc2 Rd8 35. c6 Kf8 36. c7 Rb8 37. Rc3 Rc8 38. b4 Ke7 39. b5 Kd6 40. b6 1-0


[Site "https://www.chess.com"]

[Event "Titled Tuesday Blitz May 23 Early 2023"]
[White "Santos Flores, Alberto"]
[Black "Fernandez Garcia, Gumersindo"]
[WhiteFideId "3601234"]
[BlackFideId "24516740"]
[WhiteElo "2235"]
[BlackElo "2093"]
[Result "1-0"]
[Round "08"]
[TimeControl "180+2"]
[Date "2023.05.23"]
[WhiteClock "0:02:57"]
[BlackClock "0:00:23"]

1. e4 c5 2. Nf3 g6 3. d4 cxd4 4. Nxd4 Bg7 5. Nc3 Nc6 6. Be3 Nf6 7. Bc4 O-O 8. Bb3 d6 9. f3 Bd7 10. Qd2 Rc8 11. h4 h5 12. O-O-O Ne5 13. Bg5 Rc5 14. Kb1 b5 15. g4 hxg4 16. h5 Nxh5 17. Nd5 Re8 18. Rxh5 gxh5 19. f4 Nf3 20. Nxf3 gxf3 21. f5 Rxd5 22. Bxd5 Qb6 23. Bh6 e6 24. Qg5 1-0


[Site "https://www.chess.com"]

[Event "Titled Tuesday Blitz May 23 Early 2023"]
[White "Goltseva, Ekaterina"]
[Black "Avalos Parra, Joao"]
[WhiteFideId "24173770"]
[BlackFideId "3402541"]
[WhiteElo "2114"]
[BlackElo "2173"]
[Result "1-0"]
[Round "08"]
[TimeControl "180+2"]
[Date "2023.05.23"]
[WhiteClock "0:00:08"]
[BlackClock "0:00:11"]

1. e4 e5 2. Nf3 Nc6 3. Nc3 Nf6 4. h3 d5 5. exd5 Nxd5 6. Bb5 Nxc3 7. bxc3 Bd6 8. O-O O-O 9. d4 exd4 10. cxd4 h6 11. Rb1 Bf5 12. Rb3 Ne7 13. Ne5 Ng6 14. Bd3 Bxd3 15. Rxd3 Qf6 16. Nd7 Qe6 17. Nxf8 Rxf8 18. f4 Qxa2 19. f5 Ne7 20. f6 Ng6 21. fxg7 Kxg7 22. Qd2 Rh8 23. Rdf3 Qd5 24. Rxf7+ Qxf7 25. Rxf7+ Kxf7 26. Qf2+ Kg7 27. c4 Rf8 28. Qb2 Bg3 29. Qxb7 Re8 30. Bd2 h5 31. Qf3 h4 32. d5 Ne5 33. Qh5 Rh8 34. Qg5+ Kf7 35. c5 Rg8 36. Qf5+ Ke7 37. Bf4 Bxf4 38. Qxf4 Ng6 39. Qe4+ Kf6 40. Qe6+ Kg7 41. d6 cxd6 42. cxd6 Rb8 43. d7 Rb1+ 44. Kh2 Rd1 45. Qe8 a5 46. d8=Q Rxd8 47. Qxd8 a4 48. Qd4+ Kh6 49. Qxa4 Kg5 50. Qg4+ Kh6 51. g3 hxg3+ 52. Kxg3 Kh7 53. h4 Ne5 54. Qf5+ Ng6 55. h5 1-0


[Site "https://www.chess.com"]

[Event "Titled Tuesday Blitz May 23 Early 2023"]
[White "Tanmay Jain"]
[Black "Ovezdurdyyeva, Jemal"]
[WhiteFideId "45015481"]
[BlackFideId "14001888"]
[WhiteElo "2032"]
[BlackElo "2043"]
[Result "1-0"]
[Round "08"]
[TimeControl "180+2"]
[Date "2023.05.23"]
[WhiteClock "0:00:02"]
[BlackClock "0:00:00"]

1. e4 d6 2. g3 Nf6 3. Bg2 c5 4. Nc3 Nc6 5. Nge2 g6 6. d4 cxd4 7. Nxd4 Bg7 8. O-O O-O 9. h3 Bd7 10. Be3 Ne5 11. b3 Rc8 12. Nce2 Nc6 13. c4 a6 14. Rc1 Qa5 15. Nc3 Qh5 16. Nxc6 Bxc6 17. Nd5 Rfe8 18. Nxf6+ Bxf6 19. Qxh5 gxh5 20. Rcd1 b5 21. Rc1 bxc4 22. Rxc4 Bb5 23. Rxc8 Rxc8 24. Rd1 Rc2 25. Rd2 Rxd2 26. Bxd2 Bd3 27. Bf1 Bxf1 28. Kxf1 Kf8 29. Ke2 Ke8 30. Kd3 Kd7 31. Bc3 Bg5 32. Kc4 Kc6 33. b4 e6 34. a4 d5+ 35. exd5+ exd5+ 36. Kd3 Bd8 37. Ke3 Bb6+ 38. Bd4 Bc7 39. Bc5 a5 40. Kd3 axb4 41. Bxb4 Bb6 42. Be1 Ba7 43. f4 Kd7 44. Bc3 Kc6 45. g4 hxg4 46. hxg4 Bb8 47. Be5 Ba7 48. Bd4 Bb8 49. Ke3 Bc7 50. Kf3 Bd8 51. f5 Kd6 52. Kf4 Kc6 53. Ke5 Bh4 54. f6 Bg3+ 55. Kf5 Be1 56. Kg5 Bd2+ 57. Kh5 Kd6 58. g5 Ke6 59. Kh6 Kf5 60. Kxh7 1-0


[Site "https://www.chess.com"]

[Event "Titled Tuesday Blitz May 23 Early 2023"]
[White "Korkmaz, Necmettin"]
[Black "Todorovic, Bojan"]
[WhiteFideId "6303285"]
[BlackFideId "917087"]
[WhiteElo "2097"]
[BlackElo "2266"]
[Result "0-1"]
[Round "08"]
[TimeControl "180+2"]
[Date "2023.05.23"]
[WhiteClock "0:00:19"]
[BlackClock "0:00:28"]

1. e4 g6 2. d4 Bg7 3. Nf3 d6 4. Nc3 a6 5. a4 Nd7 6. Bc4 e6 7. Bg5 Ne7 8. Qd2 h6 9. Be3 b6 10. h4 Bb7 11. h5 g5 12. Nh2 Nf6 13. f3 d5 14. exd5 Nexd5 15. Nxd5 Nxd5 16. Bf2 Qd6 17. c3 Qf4 18. Qe2 O-O 19. Ng4 Rae8 20. Ne5 Bxe5 21. dxe5 Qf5 22. Bd3 Nf4 23. Bxf5 Nxe2 24. Be4 Bxe4 25. fxe4 Nf4 26. Rd1 Rd8 27. a5 b5 28. Bc5 Rfe8 29. Rxd8 Rxd8 30. Be7 Rd7 31. Bf6 Nd3+ 32. Ke2 Nxb2 33. Rb1 Nc4 34. Rb4 Nxa5 35. Rb1 Nc4 36. Ra1 a5 37. Rb1 c6 38. Kf3 a4 39. Kg4 a3 40. Ra1 Rd2 41. g3 Rf2 42. Kh3 Ne3 43. g4 Nc4 44. Kg3 Rd2 45. Kf3 a2 46. Kg3 Rb2 47. Kf3 Nd2+ 48. Ke3 Nb3 49. Rd1 Rd2 0-1


[Site "https://www.chess.com"]

[Event "Titled Tuesday Blitz May 23 Early 2023"]
[White "Estrada Nieto, Julian"]
[Black "Smiechu"]
[WhiteFideId "5101018"]
[WhiteElo "2161"]
[BlackElo "2324"]
[Result "1-0"]
[Round "08"]
[TimeControl "180+2"]
[Date "2023.05.23"]
[WhiteClock "0:00:12"]
[BlackClock "0:00:01"]

1. e4 c5 2. Nf3 g6 3. c3 Bg7 4. d4 cxd4 5. cxd4 d5 6. e5 Nh6 7. Bb5+ Bd7 8. Bxd7+ Qxd7 9. O-O O-O 10. Nc3 Nc6 11. Re1 e6 12. Bf4 Nf5 13. Qd2 f6 14. exf6 Bxf6 15. Ne5 Bxe5 16. Bxe5 Nxe5 17. Rxe5 Nd6 18. Qe2 Rf6 19. Re1 Raf8 20. f3 Nc4 21. Rxe6 Rxe6 22. Qxe6+ Qxe6 23. Rxe6 Nxb2 24. Nxd5 Rd8 25. Ne3 Rxd4 26. Re7 Nd1 27. Ng4 Rb4 28. Nf6+ Kf8 29. Rxh7 Rb1 30. Kf1 Nc3+ 31. Kf2 Nxa2 32. h4 a5 33. g4 a4 34. g5 a3 35. Nd7+ Ke8 36. Nf6+ Kd8 37. Rh8+ Kc7 38. Ra8 Rb3 39. h5 Rb5 40. h6 Rb4 41. Kg3 Rb1 42. h7 Rh1 43. h8=Q Rxh8 44. Rxh8 Nb4 45. Rh1 a2 46. f4 Nc2 47. f5 Nd4 48. fxg6 Nf5+ 49. Kf4 Ng3 50. Ra1 Nh5+ 51. Nxh5 1-0


[Site "https://www.chess.com"]

[Event "Titled Tuesday Blitz May 23 Early 2023"]
[White "Goncalves, Davi Sulzbacher"]
[Black "Buscar, Michael"]
[WhiteFideId "2154510"]
[BlackFideId "2603616"]
[WhiteElo "2182"]
[BlackElo "2010"]
[Result "1-0"]
[Round "08"]
[TimeControl "180+2"]
[Date "2023.05.23"]
[WhiteClock "0:00:09"]
[BlackClock "0:00:04"]

1. Nf3 d5 2. d4 Nc6 3. Bf4 Bf5 4. e3 Nb4 5. Na3 e6 6. c3 Nc6 7. Nb5 Rc8 8. Qa4 Qd7 9. Nxa7 Ra8 10. Bb5 Rxa7 11. Qxa7 Nxa7 12. Bxd7+ Kxd7 13. Ne5+ Ke8 14. g4 Bg6 15. Nxg6 hxg6 16. Bxc7 Nf6 17. f3 Kd7 18. Bg3 Bd6 19. Kd2 Nc6 20. b4 Ra8 21. a4 Ne8 22. Bf2 Be7 23. e4 Nd6 24. Kd3 Nc4 25. a5 Na7 26. h4 Nb5 27. h5 gxh5 28. Rxh5 Rc8 29. exd5 Ncd6 30. dxe6+ Kxe6 31. Rc1 g6 32. Rh7 Na3 33. Re1+ Kf6 34. Bh4+ g5 35. Bxg5+ Kxg5 36. Rxe7 Nab5 37. Re5+ Kf4 38. Rc5 Re8 39. Rxf7+ Nxf7 40. Rf5+ Kg3 41. Rxf7 Nd6 42. Rf6 Rd8 43. c4 Ne8 44. Re6 Nc7 45. Re7 Na6 46. Kc3 Kxf3 47. b5 Nb8 48. g5 Kf4 49. g6 Nd7 50. g7 Nf6 51. Rxb7 Ne4+ 52. Kb4 Kf5 53. d5 Kf6 54. a6 Nd6 55. Rb6 Kxg7 56. c5 Ne4 57. d6 Kf7 58. a7 Ra8 59. Rb7+ Ke6 60. b6 Nf6 61. Rb8 Rxb8 62. axb8=Q Nd5+ 63. Kb3 1-0


[Site "https://www.chess.com"]

[Event "Titled Tuesday Blitz May 23 Early 2023"]
[White "Manon-og, Ramon Jr."]
[Black "Barbot, Pierre"]
[WhiteFideId "5200776"]
[BlackFideId "663727"]
[WhiteElo "2319"]
[BlackElo "2431"]
[Result "1-0"]
[Round "08"]
[TimeControl "180+2"]
[Date "2023.05.23"]
[WhiteClock "0:00:05"]
[BlackClock "0:00:00"]

1. e4 c6 2. d4 d5 3. e5 c5 4. dxc5 e6 5. Be3 Nd7 6. Nf3 Bxc5 7. Bxc5 Nxc5 8. Be2 Ne7 9. O-O O-O 10. c3 f6 11. Re1 Ng6 12. exf6 Qxf6 13. Nbd2 Nf4 14. Bf1 Ncd3 15. Re3 Nc5 16. Qc2 Bd7 17. Rae1 Rae8 18. Ne5 Bc8 19. Ng4 Qg5 20. Rg3 Nh5 21. Nf3 Qf4 22. h3 Nxg3 23. fxg3 Qxg3 24. Qd1 Ne4 25. Bd3 h5 26. Nge5 Qf2+ 27. Kh2 Ng3 28. Nd4 Qf4 29. Kg1 h4 30. Ndf3 Qf6 31. Bc2 Qf4 32. Qd3 Qh6 33. Ng4 Qh5 34. Nfe5 Ne4 35. Rxe4 dxe4 36. Qxe4 Rf5 37. Nf3 Ref8 38. Nd4 Bd7 39. Nxf5 exf5 40. Qd5+ Qf7 41. Qxf7+ Rxf7 42. Ne5 Re7 43. Ng6 Re6 44. Nxh4 Re1+ 45. Kf2 Rc1 46. Bb3+ Kf8 47. Ng6+ Ke8 48. Nf4 g5 49. Nd5 Rb1 50. Nf6+ Kd8 51. g3 Rxb2+ 52. Kf3 g4+ 53. hxg4 fxg4+ 54. Nxg4 Bxg4+ 55. Kxg4 b5 56. Kf4 a5 57. g4 a4 58. Be6 Rc2 59. g5 Rxc3 60. g6 Rc7 61. Kf5 b4 62. Kf6 b3 63. axb3 axb3 64. Bxb3 Ke8 65. Bf7+ Rxf7+ 66. gxf7+ Kf8 67. Kg6 1-0


[Site "https://www.chess.com"]

[Event "Titled Tuesday Blitz May 23 Early 2023"]
[White "Zavortink, Matt"]
[Black "Goldin, Roman"]
[WhiteFideId "2034263"]
[BlackFideId "2803860"]
[WhiteElo "2465"]
[BlackElo "2312"]
[Result "0-1"]
[Round "08"]
[TimeControl "180+2"]
[Date "2023.05.23"]
[WhiteClock "0:00:00"]
[BlackClock "0:00:05"]

1. Nf3 Nf6 2. g3 b5 3. Na3 a6 4. c4 b4 5. Nc2 e6 6. Bg2 Bb7 7. O-O c5 8. d4 cxd4 9. Ncxd4 Be7 10. b3 O-O 11. Bb2 d6 12. Qc2 g6 13. a3 e5 14. axb4 exd4 15. Bxd4 Nc6 16. Bc3 Qc7 17. Qc1 Ne5 18. Qh6 Ne4 19. Bb2 Bf6 20. Nxe5 Bxe5 21. Bxe5 dxe5 22. h4 Nf6 23. Bh3 Qc6 24. f3 Qb6+ 25. Kh2 Qxb4 26. g4 Rad8 27. h5 Qd2 28. Qxd2 Rxd2 29. Rf2 e4 30. hxg6 hxg6 31. Kg1 Rfd8 32. fxe4 Nxe4 33. Rh2 Ng5 34. Bg2 Rd1+ 35. Rxd1 Rxd1+ 36. Kf2 Bxg2 37. Rxg2 Rb1 38. Ke3 Rxb3+ 39. Kd4 Ne6+ 40. Ke4 Rc3 41. e3 Rxc4+ 42. Kd3 Rc6 43. Ra2 Kg7 44. Ke4 Rc1 45. Kf3 Nc5 46. Ra5 Rc4 47. Kg3 Kf6 48. Kf3 Ke6 49. Kg3 Kd6 50. Kh4 Kc6 51. Kg5 Kb6 52. Ra1 Ne4+ 53. Kh6 Nc3 54. g5 Rc5 55. Kg7 Rxg5 56. Kxf7 Rg3 57. Ra3 Nd5 58. Rb3+ Kc5 59. Ra3 Nb4 60. Ra5+ Kb6 61. Re5 a5 62. Re6+ Kb5 63. Re5+ Kb6 64. Re6+ Nc6 65. Re4 Kb5 66. Ke6 a4 67. Kd5 Nb4+ 68. Kd4 Rg5 69. Kc3 Rc5+ 70. Kb2 Rc2+ 71. Kb1 Rc4 72. Re5+ Rc5 73. Re4 Nd5 74. Rg4 Nxe3 75. Rxg6 Kb4 76. Re6 Nc4 77. Re4 Kb3 78. Rh4 a3 79. Rh3+ Kb4 80. Ka2 Rd5 81. Rb3+ Ka4 82. Rc3 Rd2+ 83. Ka1 Kb4 84. Rh3 Re2 85. Rg3 Ne3 86. Rh3 Kb3 87. Rh1 Nc2+ 88. Kb1 a2+ 0-1


[Site "https://www.chess.com"]

[Event "Titled Tuesday Blitz May 23 Early 2023"]
[White "Pasti, Aron"]
[Black "Lesbekova, Assel"]
[WhiteFideId "785857"]
[BlackFideId "13713248"]
[WhiteElo "2173"]
[BlackElo "1805"]
[Result "0-1"]
[Round "08"]
[TimeControl "180+2"]
[Date "2023.05.23"]
[WhiteClock "0:00:14"]
[BlackClock "0:00:12"]

1. e4 c5 2. d4 cxd4 3. c3 d5 4. Qxd4 dxe4 5. Bb5+ Bd7 6. Bxd7+ Qxd7 7. Qxe4 Nf6 8. Qe2 e6 9. Nf3 Bc5 10. O-O O-O 11. Bg5 Be7 12. Rd1 Qc7 13. Nbd2 Nc6 14. Rac1 Rfd8 15. Nd4 Nxd4 16. cxd4 Qa5 17. Ne4 Qf5 18. Bxf6 Bxf6 19. Nxf6+ Qxf6 20. Qe4 b6 21. Rc7 h6 22. h3 Rd5 23. Rd7 Rd8 24. Rxd5 Rxd5 25. Rd3 g6 26. Qe3 Kh7 27. Ra3 a5 28. Rd3 b5 29. Qd2 b4 30. Kf1 Qe7 31. Qc2 Qd6 32. Qc4 Qh2 33. Rf3 Qh1+ 34. Ke2 Rf5 35. Rxf5 gxf5 36. Qc7 Kg6 37. Qg3+ Kh7 38. Kf3 Qd1+ 39. Kf4 Qxd4+ 40. Kf3 Qe4# 0-1


[Site "https://www.chess.com"]

[Event "Titled Tuesday Blitz May 23 Early 2023"]
[White "Zaitsev, Alexander"]
[Black "Bashkansky, Ethan"]
[WhiteFideId "4164490"]
[BlackFideId "2071533"]
[WhiteElo "2373"]
[BlackElo "2314"]
[Result "0-1"]
[Round "08"]
[TimeControl "180+2"]
[Date "2023.05.23"]
[WhiteClock "0:00:00"]
[BlackClock "0:00:15"]

1. e4 c6 2. d4 d5 3. Nc3 dxe4 4. Bc4 Nf6 5. f3 e3 6. Bxe3 Nbd7 7. Qe2 Nb6 8. Bb3 Nbd5 9. Bd2 Nxc3 10. Bxc3 Bf5 11. O-O-O e6 12. g4 Bg6 13. f4 Be7 14. Nf3 Nxg4 15. h4 Qc7 16. h5 Bf5 17. Ne5 Nxe5 18. dxe5 Rd8 19. Rdg1 Rg8 20. Rg3 Kd7 21. Rhg1 g6 22. hxg6 Rxg6 23. Rxg6 fxg6 24. Rh1 h5 25. a3 Kc8 26. Qf2 Kb8 27. a4 Ka8 28. Bc4 Qb6 29. Qe2 Bc5 30. Kb1 Bd4 31. a5 Qc5 32. Bd2 a6 33. Rf1 Bg4 34. Qd3 Bf5 35. Qe2 Qe7 36. Re1 Ba7 37. Bb3 Qd7 38. Bc3 Qc7 39. Bc4 Qd7 40. Rf1 Qe7 41. Re1 Qh4 0-1


[Site "https://www.chess.com"]

[Event "Titled Tuesday Blitz May 23 Early 2023"]
[White "Avazkhonov, Alikhon"]
[Black "Fajdetic, Hrvoje"]
[WhiteFideId "14208504"]
[BlackFideId "14501945"]
[WhiteElo "1739"]
[BlackElo "2185"]
[Result "1-0"]
[Round "08"]
[TimeControl "180+2"]
[Date "2023.05.23"]
[WhiteClock "0:00:03"]
[BlackClock "0:00:00"]

1. e4 e6 2. d4 d5 3. Nd2 dxe4 4. Nxe4 Nd7 5. Nf3 Ngf6 6. Bd3 Nxe4 7. Bxe4 Nf6 8. Bg5 Be7 9. Bxf6 Bxf6 10. Qd3 c5 11. Qb5+ Bd7 12. Qxc5 Be7 13. Qh5 g6 14. Qh6 Bb5 15. Qg7 Bf6 16. Qh6 Qa5+ 17. Qd2 Qa6 18. a4 Bc4 19. Qb4 O-O-O 20. Bxb7+ Qxb7 21. Qxc4+ Kb8 22. O-O h5 23. Rfd1 h4 24. Qb5 h3 25. Qxb7+ Kxb7 26. g3 g5 27. c4 a5 28. Ne5 Bxe5 29. dxe5 Kc6 30. f3 Kc5 31. b3 Kb4 32. Rd6 Kxb3 33. c5 Rc8 34. c6 Rc7 35. Rc1 Rhc8 36. Rc5 Kxa4 37. Rd4+ Kb3 38. Rxa5 Rxc6 39. Rb5+ Kc3 40. Rd7 Rc5 41. Rxc5+ Rxc5 42. Rxf7 Rxe5 43. Kf2 Kd2 44. Rh7 Re2+ 45. Kg1 Rg2+ 46. Kh1 Rf2 47. Rxh3 Rxf3 48. Kg2 Ke2 49. Rh6 Rf2+ 50. Kh3 e5 51. Re6 1-0


[Site "https://www.chess.com"]

[Event "Titled Tuesday Blitz May 23 Early 2023"]
[White "Estremera Panos, Sergio"]
[Black "Mouhamad, Joachim"]
[WhiteFideId "2200864"]
[BlackFideId "656410"]
[WhiteElo "2253"]
[BlackElo "2125"]
[Result "0-1"]
[Round "08"]
[TimeControl "180+2"]
[Date "2023.05.23"]
[WhiteClock "0:02:12"]
[BlackClock "0:02:02"]

1. d4 d5 2. c4 e6 3. Nc3 a6 4. cxd5 exd5 5. Bf4 Nf6 6. e3 c5 7. Bd3 Nc6 8. Nf3 c4 9. Bc2 b5 10. O-O Be7 11. a3 O-O 12. e4 dxe4 13. Nxe4 Bg4 14. Nxf6+ Bxf6 15. Be4 Nxd4 16. Bxa8 Qxa8 17. Nxd4 Bxd1 18. Raxd1 h6 19. Nf5 Qe4 20. Bxh6 0-1


[Site "https://www.chess.com"]

[Event "Titled Tuesday Blitz May 23 Early 2023"]
[White "Mrudul Dehankar"]
[Black "ChawitAp"]
[WhiteFideId "25096990"]
[WhiteElo "2139"]
[BlackElo "2279"]
[Result "1-0"]
[Round "08"]
[TimeControl "180+2"]
[Date "2023.05.23"]
[WhiteClock "0:00:02"]
[BlackClock "0:00:21"]

1. e4 c6 2. d4 g6 3. Nf3 Bg7 4. Nc3 d5 5. e5 Bg4 6. Bf4 e6 7. h3 Bxf3 8. Qxf3 Nd7 9. O-O-O Ne7 10. g4 b5 11. h4 Qa5 12. Kb1 Nb6 13. h5 Nc4 14. Bxc4 bxc4 15. Bg5 Rb8 16. Ka1 gxh5 17. Rxh5 Qb6 18. Na4 Qb4 19. b3 Ng6 20. Bd2 Qa3 21. Rdh1 c5 22. Rxh7 cxd4 23. Rxg7 Rxh1+ 24. Qxh1 cxb3 25. cxb3 Rxb3 26. Qc1 Qxa4 27. Qc8+ Ke7 28. Qc7+ Kf8 29. Qxf7# 1-0


[Site "https://www.chess.com"]